 Dungeon Crawl Stone Soup version 0.19-a0-1025-g778f431 (webtiles) character file.

14378 Ijustatesigmund the Fighter (level 11, -20/95 HPs)
             Began as a Demonspawn Berserker on July 28, 2016.
             Was a High Priest of Trog.
             Hit by a large rock thrown by a stone giant (31 damage)
             ... on level 1 of the Orcish Mines.
             The game lasted 00:30:33 (11575 turns).

Ijustatesigmund the Fighter (Demonspawn Berserker) Turns: 11575, Time: 00:30:34

Health: -20/95     AC: 20    Str: 19    XL:     11   Next: 87%
Magic:  11/11      EV:  7    Int:  9    God:    Trog [*****.]
Gold:   893        SH: 15    Dex: 21    Spells: 0 memorised, 10 levels left

rFire  + . .     SeeInvis .     s - +3 hand axe (elec)
rCold  + . .     Gourm    .     t - +3 chain mail {rC+}
rNeg   . . .     Faith    .     i - +0 shield
rPois  +         Spirit   .     (no helmet)
rElec  .         Dismiss  .     o - +0 cloak
rCorr  .         Reflect  .     (no gloves)
SustAt .         Harm     +     F - +0 pair of boots {Fly}
MR     .....                    w - amulet of harm
Stlth  ..........               (no ring)
                                C - ring of poison resistance

@: agile, exhausted, slowed, very slow, not resistant to hostile enchantments,
extremely unstealthy
A: claws 1, large bone plates 3, fire resistance 1, powered by pain 1, strong 1,
flame cloud immunity
a: Berserk, Trog's Hand, Brothers in Arms, Burn Spellbooks, Renounce Religion,
Evoke Flight


You were on level 1 of the Orcish Mines.
You worshipped Trog.
Trog was extremely pleased with you.
You were not hungry.

You visited 2 branches of the dungeon, and saw 14 of its levels.

You collected 893 gold pieces.

Inventory:

Hand Weapons
 f - a +0 morningstar
 h - the +7 lajatang of Regicide {flame, *Confuse rPois rC++ MR-}
   (Trog gifted it to you on level 11 of the Dungeon)

   It has been specially enchanted to burn those struck by it, causing extra
   injury to most foes and up to half again as much damage against particularly
   susceptible opponents.
   Big, fiery blades are also staple armaments of hydra-hunters.
   It greatly protects you from cold.
   It protects you from poison.
   It affects your resistance to hostile enchantments.
   It may confuse you when you take damage.
 s - a +3 hand axe of electrocution (weapon)
 D - a +0 broad axe of freezing
Armour
 i - a +0 shield (worn)
 o - a +0 cloak (worn)
 t - a +3 chain mail of cold resistance (worn)
 F - a +0 pair of boots of flying (worn)
Jewellery
 w - an amulet of harm (around neck)
 C - a ring of poison resistance (left claw)
Wands
 p - a wand of polymorph (10/24)
 u - a wand of flame (31/48)
 y - a wand of lightning (12/15)
Scrolls
 m - a scroll of immolation
 q - 7 scrolls of remove curse
 r - 2 scrolls of fog
 v - 2 scrolls of enchant weapon
Potions
 a - a potion of magic
 b - 2 potions of mutation
 d - a potion of berserk rage
 e - 3 potions of curing
 j - a potion of resistance {unknown}
 k - a potion of haste {unknown}
 l - a potion of might {unknown}
 n - a potion of agility {unknown}
 x - 5 potions of flight
 z - a potion of brilliance {unknown}
 A - a potion of heal wounds
 G - a potion of cancellation {unknown}
Comestibles
 c - 12 bread rations
 g - 4 meat rations
 B - 15 royal jellies
 H - 6 beef jerkies
 I - 8 chunks of flesh


   Skills:
 + Level 12.1 Fighting
 - Level 10.1 Axes
 - Level 7.4 Armour
 - Level 1.7 Dodging
 + Level 7.1 Shields


You had 10 spell levels left.
You didn't know any spells.

Dungeon Overview and Level Annotations

Branches:
Dungeon (12/15)            Temple (0/1) D:6            Lair (0/6) D:11
    Orc (2/2) D:9             Elf (0/3) Orc:2

Altars:
Ashenzari
Cheibriados
Dithmenos
Fedhas
Gozag
Makhleb
Pakellas
Ru
Sif Muna
Vehumet
Yredelemnul
The Shining One

Shops:
D:2 }   Orc:2 :

Annotations:
D:7 1 exclusion


Innate Abilities, Weirdness & Mutations

You have sharp fingernails.
You are completely covered in large bone plates. (AC +4, SH +4)
Your flesh is heat resistant. (rF+)
You sometimes gain a little power by taking damage.
You are immune to clouds of flame.
Your muscles are strong. (Str +2)


Message History

The stone giant throws a large rock.
The large rock hits you!
The orc warrior throws a tomahawk.
You block the tomahawk.
There is a stone staircase leading down, spattered with blood here.
You see here a tomahawk.
You slash the orc warrior!
The orc warrior is heavily wounded.
The orc warrior no longer looks unusually strong. x2
The orc throws a tomahawk.
The tomahawk barely misses you.
The stone giant throws a large rock.
The large rock hits you!!
* * * LOW HITPOINT WARNING * * *
You focus on the pain.
You feel more agile all of a sudden. You block the orc warrior's attack.
The orc warrior throws a tomahawk.
You block the tomahawk.
The stone giant throws a large rock.
The large rock hits you!
* * * LOW HITPOINT WARNING * * *
You block the orc warrior's attack.
The orc warrior throws a tomahawk.
You block the tomahawk.
The stone giant throws a large rock.
The large rock hits you!!
You die...

#.#..
..... ...#
###C.##
......
####..o#
##..)))#
##...o(#
#...)@##
###.)o...#
##(....#
#.##..# ##
$... .....
...## ...#


You could see a stone giant, 2 orc warriors and an orc.

Vanquished Creatures
  2 death yaks
  Nergalle (D:11)
  A hill giant (D:11)
  An orc knight (Orc:1)
  An orc sorcerer (Orc:1)
  An ugly thing (D:10)
  A wolf spider (D:7)
  A gargoyle (D:10)
  A queen bee (D:11)
  A troll (D:9)
  Grinder (D:5)
  3 two-headed ogres
  9 yaks
  A wraith (D:10)
  A hill giant zombie (D:9)
  A hippogriff (D:11)
  3 hungry ghosts
  An eye of draining (D:8)
  A black bear (D:6)
  2 sky beasts
  4 orc warriors
  A phantom (D:4)
  4 ice beasts
  The ghost of braks the Firebug, an amateur DrFE (D:3)
  6 ogres
  4 centaurs
  A crocodile (D:11)
  A big kobold (D:7)
  11 giant frogs
  2 wyvern zombies
  2 scorpions
  A troll zombie (D:9)
  38 killer bees
  3 wights (D:9)
  A giant frog zombie (D:10)
  3 centaur zombies
  2 giant frog skeletons
  12 hounds
  4 jellies
  A centaur skeleton (D:11)
  5 orc priests
  9 orc wizards
  Crazy Yiuf (D:2)
  Ijyb (D:3)
  Terence (D:3)
  3 iguanas
  Natasha (D:4)
  A killer bee zombie (D:10)
  9 worker ants
  A sheep (D:11)
  6 ogre zombies (D:9)
  A hound skeleton (D:4)
  Robin (D:2)
  A howler monkey zombie (D:11)
  3 gnolls (D:4)
  11 adders
  2 shadow imps
  2 oozes (D:2)
  2 adder skeletons
  A worm (D:2)
  2 dart slugs
  7 giant geckos
  40 orcs
  3 ball pythons
  6 bats
  4 giant cockroaches
  20 goblins
  7 hobgoblins
  8 jackals
  6 quokkas
  A giant gecko zombie (D:9)
  5 giant newts
  3 goblin skeletons (D:9)
  5 goblin zombies (D:9)
  A hobgoblin skeleton (D:9)
  5 hobgoblin zombies (D:9)
  A jackal skeleton (D:5)
  21 kobolds
  An orc skeleton (D:9)
  10 orc zombies (D:9)
  11 rats
365 creatures vanquished.

Vanquished Creatures (others)
  A jelly (D:8)
  Natasha (D:4)
  3 orcs (D:8)
  A plant (D:3)
6 creatures vanquished.

Grand Total: 371 creatures vanquished

Notes
Turn   | Place    | Note
-------+----------+-------------------------------------------
     0 | D:1      | Ijustatesigmund the Demonspawn Berserker began the quest for the Orb.
     0 | D:1      | Reached XP level 1. HP: 18/18 MP: 1/1
    29 | D:1      | Gained mutation: You sometimes gain a little power by taking damage. [demonic ancestry]
    29 | D:1      | Reached XP level 2. HP: 23/24 MP: 2/2
   422 | D:1      | Reached ** piety under Trog
   452 | D:1      | Gained mutation: Your flesh is heat resistant. (rF+) [demonic ancestry]
   452 | D:1      | Reached XP level 3. HP: 27/29 MP: 3/3
   995 | D:2      | Noticed Robin
  1017 | D:2      | Killed Robin
  1017 | D:2      | Gained mutation: You have sharp fingernails. [demonic ancestry]
  1017 | D:2      | Reached XP level 4. HP: 37/37 MP: 4/4
  1172 | D:2      | Reached *** piety under Trog
  1573 | D:2      | Found an oddly glowing altar of Pakellas.
  1573 | D:2      | Found Pakellas's Prime Provisions.
  1649 | D:2      | Found a runed door.
  1739 | D:2      | Noticed Crazy Yiuf
  1744 | D:2      | Killed Crazy Yiuf
  1744 | D:2      | Reached skill level 4 in Fighting
  1947 | D:3      | Noticed braks's ghost (amateur DrFE)
  1962 | D:3      | Killed braks's ghost
  1962 | D:3      | Reached skill level 5 in Axes
  1962 | D:3      | Gained mutation: You are partially covered in large bone plates. (AC +2, SH +2) [demonic ancestry]
  1962 | D:3      | Reached XP level 5. HP: 43/43 MP: 5/5
  2449 | D:3      | Noticed an ogre
  2465 | D:3      | Killed an ogre
  2465 | D:3      | Gained mutation: You are mostly covered in large bone plates. (AC +3, SH +3) [demonic ancestry]
  2465 | D:3      | Reached XP level 6. HP: 19/49 MP: 6/6
  2676 | D:3      | Noticed Terence
  2699 | D:3      | Killed Terence
  3055 | D:3      | Noticed Ijyb
  3067 | D:3      | Killed Ijyb
  3370 | D:4      | Reached skill level 5 in Fighting
  3521 | D:4      | Found a shadowy altar of Dithmenos.
  3531 | D:4      | Noticed Natasha
  3542 | D:4      | Killed Natasha
  3542 | D:4      | Gained mutation: You are completely covered in large bone plates. (AC +4, SH +4) [demonic ancestry]
  3542 | D:4      | Reached XP level 7. HP: 46/56 MP: 7/7
  3684 | D:4      | Reached **** piety under Trog
  3803 | D:4      | Noticed Natasha
  3805 | D:4      | Killed Natasha
  3853 | D:5      | Entered Level 5 of the Dungeon
  3882 | D:5      | Noticed Grinder
  3887 | D:5      | Killed Grinder
  3979 | D:5      | Found a snail-covered altar of Cheibriados.
  4003 | D:5      | You fall through a shaft!
  4088 | D:6      | Found a shattered altar of Ashenzari.
  4115 | D:6      | Found a staircase to the Ecumenical Temple.
  4141 | D:6      | Reached XP level 8. HP: 62/64 MP: 8/8
  4193 | D:5      | Reached skill level 6 in Fighting
  4581 | D:5      | Found a blossoming altar of Fedhas.
  4779 | D:6      | Found a glowing golden altar of the Shining One.
  5045 | D:7      | Found a sacrificial altar of Ru.
  5330 | D:7      | Found an opulent altar of Gozag.
  5441 | D:7      | Found a deep blue altar of Sif Muna.
  5539 | D:7      | Found a burning altar of Makhleb.
  5539 | D:7      | Noticed a green death
  5896 | D:8      | Reached skill level 7 in Fighting
  6239 | D:7      | Gained mutation: You are immune to clouds of flame. [demonic ancestry]
  6239 | D:7      | Reached XP level 9. HP: 68/72 MP: 9/9
  6288 | D:7      | Noticed a great orb of eyes
  6288 | D:7      | Noticed a hill giant
  6293 | D:7      | Reached ***** piety under Trog
  6478 | D:7      | Noticed a wolf spider
  6489 | D:7      | Killed a wolf spider
  6489 | D:7      | Reached skill level 5 in Armour
  6858 | D:8      | Reached skill level 8 in Fighting
  7221 | D:8      | Found a radiant altar of Vehumet.
  7815 | D:9      | Reached XP level 10. HP: 82/82 MP: 10/10
  7818 | D:9      | Reached skill level 9 in Fighting
  8092 | D:9      | Found a staircase to the Orcish Mines.
  8650 | D:10     | Entered Level 10 of the Dungeon
  8734 | D:10     | Noticed a green ugly thing
  8753 | D:10     | Killed a green ugly thing
  8753 | D:10     | Reached skill level 10 in Axes
  8998 | D:10     | Reached skill level 10 in Fighting
  9003 | D:10     | Reached skill level 1 in Shields
  9473 | D:10     | Gained mutation: Your muscles are strong. (Str +2) [potion of beneficial mutation]
  9565 | D:10     | Noticed a gargoyle
  9588 | D:10     | Killed a gargoyle
  9987 | D:11     | Reached XP level 11. HP: 85/92 MP: 11/11
 10017 | D:11     | Found a staircase to the Lair.
 10018 | D:11     | Noticed a death yak
 10019 | D:11     | Noticed a death yak
 10047 | D:10     | Killed a death yak
 10225 | D:11     | Found a basalt altar of Yredelemnul.
 10228 | D:11     | Received a gift from Trog
 10384 | D:11     | Noticed Nergalle
 10389 | D:11     | Killed Nergalle
 10389 | D:11     | Reached skill level 11 in Fighting
 10515 | D:11     | Noticed a hill giant
 10524 | D:11     | Killed a hill giant
 10524 | D:11     | Reached skill level 5 in Shields
 10650 | D:11     | Received a gift from Trog
 10748 | D:11     | Got a shimmering lajatang {god gift}
 10870 | D:11     | Identified the +7 lajatang of Regicide {flame, *Confuse rPois rC++ MR-} (Trog gifted it to you on level 11 of the Dungeon)
 11078 | D:11     | Killed a death yak
 11267 | D:12     | Noticed a hill giant
 11272 | D:12     | Noticed a four-headed hydra
 11385 | Orc:1    | Entered Level 1 of the Orcish Mines
 11472 | Orc:2    | Entered Level 2 of the Orcish Mines
 11483 | Orc:2    | Found Medotuh's Book Shop.
 11504 | Orc:2    | Found a burning altar of Makhleb.
 11528 | Orc:2    | Found a staircase to the Elven Halls.
 11551 | Orc:1    | Noticed an orc knight
 11554 | Orc:1    | Noticed an orc sorcerer
 11565 | Orc:1    | Killed an orc knight
 11565 | Orc:1    | Reached skill level 12 in Fighting
 11567 | Orc:1    | Noticed a soul eater
 11567 | Orc:1    | Noticed a stone giant
 11572 | Orc:1    | Killed an orc sorcerer
 11575 | Orc:1    | Hit by a large rock thrown by a stone giant

Vault maps used:
D:1:      eino_arrival_druids_welcome, minmay_misc_feat_ornament,
          hangedman_decor_growths
D:2:      first_bread, johnstein_pakellas_shop, uniq_robin,
          uniq_crazy_yiuf_cottage
D:3:      serial_bayou_lagoon_a, uniq_terence, uniq_iyjb
D:4:      kennysheep_mini_moat, lemuel_old_faithful, uniq_natasha
D:5:      kennysheep_little_box, fedhas_altar_4, uniq_grinder
D:6:      ashenzari_conservatory_becter, lemuel_round_altar
D:7:      minmay_klotski, old_standard_altar, lemuel_blue_sif_altar,
          grunt_gozag_breadcrumbs, serial_glass, glass_columns_a,
          glass_columns_a, makhleb_altar_promises_db
D:8:      fiery_altar_vehumet
D:9:      minmay_distorted_concentric_squares, zombieorc2_lemuel
D:11:     dpeg_lair_monsters, special_room, basic_altar, grunt_ogre_cave,
          uniq_nergalle
D:12:     basic_altar, serial_undead, serial_undead_b, serial_undead_a,
          serial_undead_d, serial_undead_b, serial_undead_c, serial_undead_c,
          serial_undead_a, serial_undead_a
Orc:2:    st_orc_rangers, basic_altar, serial_shops, shop

Skill      XL: |  1  2  3  4  5  6  7  8  9 10 11 |
---------------+----------------------------------+-----
Axes           | 3 4 5 6 7 8 9 10 | 10.1
Fighting       | 4 5 7 8 10 12 | 12.1
Armour         | 2 4 6 7 |  7.4
Shields        | 3 7 |  7.1
Dodging        | |  1.7

Action                   |  1- 3 |  4- 6 |  7- 9 | 10-12 || total
-------------------------+-------+-------+-------+-------++-------
Melee: Hand axe          |   141 |   236 |   256 |   551 ||  1184
       Unarmed           |       |       |    11 |       ||    11
Invok: Berserk           |     2 |     3 |     5 |     5 ||    15
       Trog's Hand       |     1 |       |     1 |     3 ||     5
       Burn Spellbooks   |       |       |       |     2 ||     2
 Abil: Stop Flying       |       |       |       |     1 ||     1
Evoke: Wand              |       |       |     1 |       ||     1
  Use: Scroll            |     2 |     8 |     4 |     6 ||    20
       Potion            |       |       |     2 |     1 ||     3
 Stab: Sleeping          |     1 |       |       |       ||     1
  Eat: Chunk             |     1 |    12 |    17 |     3 ||    33
       Beef jerky        |       |     1 |     1 |       ||     2
       Pizza             |       |       |     1 |       ||     1
       Bread ration      |       |       |       |     2 ||     2
       Meat ration       |       |       |       |     1 ||     1
       Royal jelly       |       |       |       |     3 ||     3
Armor: Animal skin       |    10 |       |       |       ||    10
       Scale mail        |    55 |    73 |       |       ||   128
       Chain mail        |       |    29 |   145 |   201 ||   375
Dodge: Dodged            |    75 |   143 |    99 |   107 ||   424
Block: Other             |       |    15 |    48 |    28 ||    91
       Shield            |       |       |       |   250 ||   250
